AoeStats
← Comend x comend

Arena

510188163Analyzed
3v3 RM · 1d ago on Sep 29, 2026· 47m 42s· 6 players
Game mode
Random Map
Map size
Normal (6 player)
Population
200
Speed
Normal
Resources
Standard
Victory
Conquest
Starting age
Dark Age
Ending age
Imperial Age
RankedLock teamsTeams togetherTeam positionsShared explorationLock speedFull tech treeHidden civsTurbo modeCheats
Victory
Defeat
🇭🇺 Bohemians · Hungary
1389
+20
🇧🇷 Khmer · Brazil
1373
+21
🇵🇪 Chinese · Peru
1371
+21
🇹🇷 Bohemians · Türkiye
1497
-21
🇹🇷 Japanese · Türkiye
1496
-21
🇹🇷 Cumans · Türkiye
1456
-20
Guido
10:44 Feudal Age
13:38 Castle Age
11:49 Double-Bit Axe
11:57 Horse Collar
13:47 Gold Mining
20:45 Heavy Plow
24:32 Wheelbarrow
26:36 Imperial Age
26:26 Scale Barding Armor
27:30 Bloodlines
27:15 Loom
28:02 Husbandry
27:49 Cavalier
29:56 Forging
31:49 Iron Casting
32:15 Wheelbarrow
31:26 Town Watch
32:29 Coinage
31:41 Light Cavalry
37:44 Conscription
39:25 Chain Barding Armor
39:24 Siege Engineers
41:12 Blast Furnace
40:47 Plate Barding Armor
45:55 Crop Rotation
45:40 Bow Saw
Comend x comend
0:26 Loom
9:28 Feudal Age
13:29 Castle Age
11:34 Horse Collar
21:24 Double-Bit Axe
23:18 Stone Mining
25:25 Gold Mining
40:23 Imperial Age
39:38 Gold Shaft Mining
39:14 Bow Saw
40:01 Ballistics
40:47 Stone Shaft Mining
40:12 Fletching
40:23 Padded Archer Armor
40:56 Bodkin Arrow
Hrafn_the_Berzerker
11:14 Feudal Age
14:49 Castle Age
13:06 Double-Bit Axe
13:27 Horse Collar
15:45 Bow Saw
18:24 Fervor
22:05 Wheelbarrow
23:24 Chemistry
22:39 Heavy Plow
23:31 Hand Cart
24:47 Town Watch
29:30 Imperial Age
27:25 Pikeman
28:00 Loom
30:24 Siege Engineers
30:24 Padded Archer Armor
29:49 Halberdier
31:36 Wagenburg Tactics
31:52 Squires
31:53 Scale Mail Armor
32:03 Forging
32:09 Leather Archer Armor
36:52 Houfnice
38:40 Ring Archer Armor
38:26 Chain Mail Armor
39:00 Arson
43:30 Plate Mail Armor
43:11 Forging
Kuaför Sabit Akkaya
6:41 Loom
9:38 Feudal Age
19:26 Double-Bit Axe
22:36 Wheelbarrow
21:51 Town Watch
21:50 Horse Collar
22:04 Gold Mining
26:50 Castle Age
29:12 Bow Saw
29:09 Capped Ram
30:25 Hand Cart
34:09 Imperial Age
31:17 Light Cavalry
32:40 Gold Shaft Mining
31:56 Stone Mining
32:38 Heavy Plow
33:29 Forging
33:25 Scale Barding Armor
34:07 Bloodlines
35:21 Chain Barding Armor
35:37 Iron Casting
34:49 Cavalier
37:55 Two-Man Saw
37:32 Crop Rotation
38:34 Plate Barding Armor
39:13 Paladin
41:20 Blast Furnace
41:25 Elite Skirmisher
43:19 Chemistry
42:45 Ballistics
OUTPOST ENJOYER
11:05 Feudal Age
11:10 Feudal Age
12:25 Loom
15:30 Castle Age
13:21 Double-Bit Axe
13:17 Horse Collar
16:28 Bow Saw
17:49 Fervor
18:00 Sanctity
19:17 Scale Mail Armor
20:37 Forging
21:04 Pikeman
24:56 Town Watch
25:50 Wheelbarrow
27:17 Squires
27:35 Chain Mail Armor
28:56 Chemistry
29:23 Hand Cart
29:33 Padded Archer Armor
33:09 Imperial Age
31:03 Fortified Wall
31:08 Elite Skirmisher
33:06 Crossbowman
obezitekaan
10:30 Feudal Age
8:47 Loom
10:33 Feudal Age
12:26 Double-Bit Axe
12:13 Man-at-Arms
13:56 Scale Mail Armor
18:41 Horse Collar
23:36 Castle Age
22:13 Forging
22:49 Gold Mining
23:52 Pikeman
24:54 Chain Mail Armor
26:43 Bow Saw
27:35 Long Swordsman
28:21 Squires
29:32 Wheelbarrow
28:55 Gambesons
29:26 Heavy Plow
32:46 Gold Shaft Mining
36:45 Imperial Age
34:46 Fletching
34:56 Padded Archer Armor
34:41 Elite Skirmisher
35:27 Thumb Ring
35:44 Bodkin Arrow
37:11 Ballistics
40:49 Plate Mail Armor
43:00 Chemistry
Connection lost

Rejoining the realm…

Still unreachable

The connection could not be restored.

Session expired

The server has moved on; the page needs a fresh start.